AoeStats
← failingthehardway

Lombardia

510210465Analyzed
3v3 RM · 2d ago on Sep 30, 2026· 67m 56s· 6 players
Game mode
Random Map
Map size
Normal (6 player)
Population
200
Speed
Normal
Resources
Standard
Victory
Conquest
Starting age
Dark Age
Ending age
Imperial Age
RankedLock teamsTeams togetherTeam positionsShared explorationLock speedFull tech treeHidden civsTurbo modeCheats
Victory
Defeat
🇦🇷 Sicilians · Argentina
701
+21
🇩🇪 Khmer · Germany
695
+21
🇨🇴 Franks · Colombia
631
+24
🇺🇸 Byzantines · United States
836
-23
🇺🇸 Varangians · United States
805
-22
🇺🇸 Romans · United States
778
-28
AngeloCDLM1946
0:45 Loom
11:15 Feudal Age
13:02 Town Watch
14:10 Wheelbarrow
14:13 Double-Bit Axe
25:29 Castle Age
25:01 Stone Mining
25:02 Gold Mining
25:31 Light Cavalry
26:12 Husbandry
28:30 Town Patrol
29:35 Coinage
30:08 Bow Saw
30:27 Hand Cart
31:34 Pikeman
34:08 Caravan
37:20 Gold Shaft Mining
38:50 Guard Tower
39:11 Fortified Wall
38:56 Murder Holes
43:44 Scale Barding Armor
43:40 Scale Mail Armor
43:50 Forging
48:50 Imperial Age
51:50 Chain Mail Armor
51:56 Chain Barding Armor
51:36 Padded Archer Armor
52:12 Iron Casting
51:02 Cavalier
53:20 Halberdier
55:33 Paladin
56:17 Squires
58:05 Ordonnance Companies
59:25 Elite Throwing Axeman
61:10 Capped Ram
julian_venom
0:34 Loom
10:59 Feudal Age
12:15 Wheelbarrow
11:47 Double-Bit Axe
12:06 Horse Collar
16:01 Stone Mining
16:38 Gold Mining
22:57 Castle Age
25:27 Hand Cart
25:26 Bow Saw
25:18 Heavy Plow
26:26 Bloodlines
26:28 Husbandry
30:05 Town Watch
33:44 Town Patrol
36:04 Caravan
38:46 Scale Barding Armor
41:08 Ballistics
41:11 Chain Barding Armor
48:02 Imperial Age
45:42 Murder Holes
49:39 Double Crossbow
50:28 Plate Barding Armor
50:01 Siege Engineers
49:59 Tusk Swords
50:20 Conscription
51:48 Heavy Scorpion
54:24 Elite Battle Elephant
elnano4cchi
3:41 Loom
11:12 Feudal Age
23:26 Castle Age
22:12 Horse Collar
22:19 Double-Bit Axe
22:27 Gold Mining
25:24 Forging
26:33 Stone Mining
28:01 Stone Shaft Mining
28:56 Iron Casting
31:49 Bow Saw
31:46 Heavy Plow
34:01 Gold Shaft Mining
35:04 Squires
34:39 Pikeman
43:54 Scale Mail Armor
44:01 Scale Barding Armor
44:36 Wheelbarrow
46:36 Husbandry
47:01 Chain Mail Armor
47:07 Chain Barding Armor
51:12 Imperial Age
50:46 Hand Cart
51:39 Masonry
51:42 Onager
52:31 Cavalier
53:32 Halberdier
55:26 Caravan
55:36 Guilds
59:16 Blast Furnace
58:54 Plate Barding Armor
58:50 Plate Mail Armor
58:54 Hauberk
59:43 Crop Rotation
61:03 Capped Ram
61:12 Siege Onager
63:51 Arson
64:54 Siege Ram
66:34 Elite Serjeant
67:35 Conscription
67:52 Hoardings
failingthehardway
8:20 Loom
11:18 Feudal Age
12:01 Horse Collar
12:23 Double-Bit Axe
14:15 Bloodlines
27:37 Castle Age
30:02 Bow Saw
29:55 Heavy Plow
30:17 Pikeman
31:16 Husbandry
34:51 Fletching
39:46 Town Watch
42:45 Wheelbarrow
44:21 Forging
44:16 Scale Barding Armor
45:54 Hand Cart
50:32 Imperial Age
48:48 Vendel Legacy
51:33 Iron Casting
51:19 Chain Barding Armor
50:50 Cavalier
53:15 Blast Furnace
54:47 Plate Barding Armor
62:36 Bodkin Arrow
62:26 Light Cavalry
64:04 Masonry
64:17 Ballistics
63:41 Hussar
65:35 Murder Holes
johnlee
10:51 Feudal Age
11:44 Double-Bit Axe
12:57 Horse Collar
18:29 Castle Age
22:03 Wheelbarrow
23:02 Loom
28:44 Hand Cart
28:51 Bow Saw
35:50 Pikeman
39:08 Squires
38:55 Arson
48:47 Fletching
53:14 Imperial Age
54:10 Forging
53:34 Halberdier
56:17 Two-Man Saw
55:19 Heavy Plow
58:21 Iron Casting
59:54 Caravan
62:22 Scale Barding Armor
62:21 Scale Mail Armor
Liquidm
12:08 Feudal Age
12:57 Horse Collar
13:20 Gold Mining
19:34 Castle Age
19:52 Man-at-Arms
21:51 Squires
29:32 Pikeman
30:40 Elite Skirmisher
36:40 Long Swordsman
38:21 Crossbowman
40:15 Forging
43:45 Scale Barding Armor
43:40 Padded Archer Armor
44:16 Iron Casting
44:35 Scale Mail Armor
45:01 Chain Barding Armor
47:07 Husbandry
47:18 Bloodlines
46:28 Light Cavalry
47:43 Double-Bit Axe
48:25 Ballistas
53:38 Gold Shaft Mining
52:54 Stone Mining
53:06 Stone Mining
55:43 Chain Mail Armor
55:44 Leather Archer Armor
55:19 Fletching
61:24 Imperial Age
62:05 Wheelbarrow
61:15 Town Watch
61:18 Loom
61:52 Heavy Scorpion
62:04 Halberdier
63:15 Cavalier
65:01 Plate Barding Armor
64:25 Bodkin Arrow
64:41 Legionary
66:41 Ring Archer Armor
67:15 Blast Furnace
Connection lost

Rejoining the realm…

Still unreachable

The connection could not be restored.

Session expired

The server has moved on; the page needs a fresh start.